 Dungeon Crawl Stone Soup version 0.28.0-53-g5a82cb258f (webtiles) character file.

Game seed: 18440511705629414409

430 issech the Chopper (level 6, -5/51 (55) HPs)
             Began as a Minotaur Monk on June 6, 2022.
             Slain by a wight
             ... wielding a +0 halberd
              (10 damage)
             ... on level 6 of the Dungeon.
             The game lasted 00:11:28 (5932 turns).

issech the Chopper (Minotaur Monk)                  Turns: 5932, Time: 00:11:28

HP:   -5/51 (55)    AC: 10    Str: 15    XL:     6   Next: 66%
MP:   5/5           EV:  8    Int: 13    God:
Gold: 144           SH:  0    Dex: 15    Spells: 5/5 levels left

rFire   . . .      SeeInvis .   C - +1 mace (holy)
rCold   . . .      Faith    .   (no shield)
rNeg    . . .      Spirit   .   u - +0 chain mail
rPois   .          Reflect  .   (helmet restricted)
rElec   .          Harm     .   (no cloak)
rCorr   .          Rampage  .   k - +0 pair of gloves
Will    .....                   (no boots)
Stlth   ..........              (no amulet)
HPRegen 0.17/turn               t - +6 ring of intelligence
MPRegen 0.09/turn               (no ring)

@: drained
A: horns 2, retaliatory headbutt
a: no special abilities


You were on level 6 of the Dungeon.
You visited 1 branch of the dungeon, and saw 7 of its levels.

You collected 144 gold pieces.

Inventory:

Hand Weapons
 e - a +0 mace
 l - a +0 hunting sling
 v - a +0 war axe
 z - a +2 hand axe of freezing
 C - a +1 mace of holy wrath (weapon)
 G - a +0 long sword
Missiles
 d - 70 stones (quivered)
 h - 20 sling bullets
 r - 55 bolts
 w - 24 arrows
 y - 11 poisoned darts
 H - 5 curare-tipped darts
Armour
 b - a +0 robe
 g - a +0 leather armour
 i - a +0 ring mail
 k - a +0 pair of gloves (worn)
 u - a +0 chain mail (worn)
 E - the +2 robe "Wiozudym" {rN+ Will- Int+4 Dex+3}
   (You found it on level 5 of the Dungeon)

   Int:       It affects your intelligence (+4).
   Dex:       It affects your dexterity (+3).
   rN:        It protects you from negative energy.
   Will:      It decreases your willpower.
Jewellery
 t - a +6 ring of intelligence (left hand)
Scrolls
 a - a scroll of immolation {unknown}
 c - 8 scrolls of identify {unknown}
 f - 2 scrolls of fog {unknown}
 n - a scroll of summoning {unknown}
 o - 2 scrolls of amnesia {unknown}
 p - 4 scrolls of teleportation {unknown}
 x - 2 scrolls of blinking {unknown}
 A - a scroll of magic mapping {unknown}
 J - a scroll of noise {unknown}
Potions
 j - a potion of heal wounds {unknown}
 m - a potion of ambrosia {unknown}
 q - 2 potions of resistance {unknown}
 s - a potion of attraction {unknown}
 B - a potion of curing {unknown}
 D - a potion of haste {unknown}
 F - a potion of magic {unknown}
 I - a potion of mutation {unknown}


   Skills:
 + Level 4.9 Fighting
 + Level 5.4 Axes
 + Level 3.0(3.5) Slings
 + Level 2.1(2.9) Throwing
 + Level 2.9 Armour
 + Level 4.0 Dodging
 + Level 1.8 Stealth


You had 5 spell levels left.
You didn't know any spells.
Your spell library contained the following spells:

 Spells                   Type           Power      Damage    Failure   Level
 Magic Dart               Conj           0%         1d3       99%         1
 Searing Ray              Conj           0%         2d4       100%        2
 Fulminant Prism          Conj/Hex       0%         3d6       100%        4


Dungeon Overview and Level Annotations

Branches:
Dungeon (7/15)
 Temple: D:4-7

Altars:
Okawaru
Uskayaw
Zin
The Shining One

Shops:
D:1 ?!   D:2 [   D:4 (


Innate Abilities, Weirdness & Mutations

You have a pair of horns on your head.
You reflexively headbutt those who attack you in melee.


Message History

There is a stone staircase leading down here.
The wight hits you from afar with a +0 halberd!
The wight closely misses you.
There is a stone staircase leading down here.
You can't go up here!
Unknown command.
The wight hits you from afar with a +0 halberd.
You feel drained.
You climb downwards.
Found a scroll labelled TYOSIK XO POOF.
There is a stone staircase leading up here.
J - a scroll labelled TYOSIK XO POOF You start resting.
HP restored.
There is a stone staircase leading up here.
You climb upwards.
The wight closely misses you.
The wight hits you from afar with a +0 trident.
The wight hits you but does no damage. The wight completely misses you.
There is a stone staircase leading down here.
You hit the wight.
The wight convulses.
The wight is heavily damaged.
The wight hits you with a +0 halberd!
The wight hits you from afar with a +0 trident!
You closely miss the wight.
The wight is heavily damaged.
The wight hits you but does no damage.
The wight hits you from afar with a +0 trident!
You feel drained.
You barely miss the wight.
The wight is heavily damaged.
The wight barely misses you. You furiously retaliate!
You headbutt the wight.
The wight hits you from afar with a +0 trident.
You hit the wight but do no damage.
The wight is almost destroyed.
The wight hits you but does no damage. The wight hits you with a +0 halberd!
* * * LOW HITPOINT WARNING * * *
You closely miss the wight.
The wight is almost destroyed.
The wight barely misses you. The wight hits you with a +0 halberd!
You die...

### ###### #.# #.##.# #.#
#.##.# #.# #.##.# #.#
###.##.###########
#.####...##...z..z.....
#....#.####.)##########
#######...@####).#
#.........z....).########
#.#####....#z##..........
#.# ####.#.############
#.# #.#.# #.# #.#.##
######.########....##..
#......................
#.####.####.####...##.#


You could see 2 wights.

Vanquished Creatures
  An ice beast (D:5)
  A wight (D:6)
  2 hounds
  2 iguanas
  3 orc wizards
  A hound skeleton (D:5)
  A howler monkey zombie (D:5)
  3 adders
  3 worms
  A dart slug (D:1)
  10 orcs
  3 endoplasms
  3 giant cockroaches
  5 goblins
  A hobgoblin (D:1)
  5 jackals (D:1)
  7 kobolds
  4 quokkas
  5 ball pythons
  4 bats
  5 frilled lizards (D:3)
  4 rats
74 creatures vanquished.

Notes
Turn   | Place    | Note
-------+----------+-------------------------------------------
     0 | D:1      | issech the Minotaur Monk began the quest for the Orb.
     0 | D:1      | Reached XP level 1. HP: 19/19 MP: 0/0
   134 | D:1      | Found Peptiuru's Magic Scroll Emporium.
   147 | D:1      | Reached XP level 2. HP: 13/27 MP: 1/1
   303 | D:1      | Found Ryniukhla's Distillery.
   752 | D:1      | Reached skill level 4 in Axes
  1169 | D:2      | Found Lipraz's Antique Armour Boutique.
  1238 | D:2      | Reached XP level 3. HP: 32/33 MP: 2/2
  1371 | D:2      | Found a faded altar of an unknown god.
  2215 | D:3      | Reached skill level 1 in Slings
  2329 | D:3      | Found an iron altar of Okawaru.
  2519 | D:3      | Reached XP level 4. HP: 34/40 MP: 3/3
  3410 | D:4      | Found a glowing silver altar of Zin.
  3410 | D:4      | Noticed an angel
  3518 | D:4      | Found Yrpherr's Weapon Shoppe.
  3572 | D:4      | Reached skill level 1 in Armour
  3572 | D:4      | Reached XP level 5. HP: 45/47 MP: 4/4
  4431 | D:5      | Entered Level 5 of the Dungeon
  4620 | D:5      | Found a hide-covered altar of Uskayaw.
  4647 | D:5      | Found a glowing golden altar of the Shining One.
  4674 | D:5      | Identified the +2 robe "Wiozudym" {rN+ Will- Int+4 Dex+3}
  4705 | D:5      | Reached skill level 1 in Throwing
  5149 | D:5      | Noticed an ice beast
  5168 | D:5      | Killed an ice beast
  5169 | D:5      | Reached skill level 5 in Axes
  5169 | D:5      | Reached XP level 6. HP: 17/55 MP: 5/5
  5932 | D:6      | Slain by a wight

Illustrated notes

Levels and vault maps discovered:
D:1:      amcnicky_arrival_wind_blow, layout_loops_ring, serial_shops, shop,
          nicolae_diamond_shop, corexii_leaking_fountain
D:2:      layout_basic, basic_ecumenical_altar, serial_shops, shop
D:3:      layout_loops_ring, okawaru_trees_2
D:4:      layout_loops_corners, zin_angel, serial_shops,
          nicolae_shop_advertising_works [nicolae_subvault_shop_adworks]
D:5:      layout_gridville, mainiacjoe_overflow_concentric_impassable,
          eat_drink_and_be_merry_uskayaw, nicolae_figureground_pulse
D:6:      layout_loops_ring, nzn_hepliaklqana_mist_gate,
          minmay_temple_entry_poolview
D:7:      layout_basic, grunt_qazlal_sundering, tgw_kikubaaqudgha,
          bloody_makhleb, lemuel_mausoleum_altar_yredelemnul,
          serial_corexii_hall, corexii_hall_statues_x, chequers_hall_statues_y,
          uniq_harold

Skill      XL: |  1  2  3  4  5  6 |
---------------+-------------------+-----
Fighting       | 4 |  4.9
Axes           | 4 5 |  5.4
Slings         | 1 2 3 |  3.0
Dodging        | 4 |  4.0
Armour         | 1 2 |  2.9
Throwing       | 1 2 |  2.1
Stealth        | |  1.8

Action                   |  1- 3 |  4- 6 || total
-------------------------+-------+-------++-------
Melee: Hand axe          |    60 |    74 ||   134
       Headbutt          |     8 |    21 ||    29
       Punch             |     1 |       ||     1
       War axe           |       |    27 ||    27
       Mace              |       |     5 ||     5
 Fire: Hunting sling     |    65 |    11 ||    76
Throw: Stone             |       |    14 ||    14
 Stab: Sleeping          |     1 |       ||     1
Armor: Robe              |     6 |       ||     6
       Ring mail         |    21 |     6 ||    27
       Leather armour    |     1 |       ||     1
       Chain mail        |       |    42 ||    42
Dodge: Dodged            |    57 |    47 ||   104
